 Dungeon Crawl Stone Soup version 0.29.0-11-gd7f09526c8 (webtiles) character file.

Game seed: 10302244617116678338

87 Strat the Cutter (level 4, -1/28 HPs)
             Began as a Vampire Abyssal Knight on Sept 2, 2022.
             Was a Priest of Lugonu.
             Slain by a worm (8 damage)
             ... on level 2 of the Dungeon.
             The game lasted 00:05:59 (1637 turns).

Strat the Cutter (Vampire Abyssal Knight)           Turns: 1637, Time: 00:06:00

Health: -1/28      AC:  9    Str: 12    XL:     4   Next: 28%
Magic:  5/5        EV: 11    Int: 12    God:    Lugonu [***...]
Gold:   50         SH:  0    Dex: 20    Spells: 3/3 levels left

rFire   . . .      SeeInvis +   a - +1 short sword
rCold   + + .      Faith    .   (no shield)
rNeg    + + +      Spirit   .   l - +4 ring mail of the Saviour {Dex+4}
rPois   ∞          Reflect  .   (no helmet)
rElec   .          Harm     .   (no cloak)
rCorr   .          Rampage  .   (no gloves)
Will    +....                   (no boots)
Stlth   ++++......              (no amulet)
HPRegen 0.00/turn               k - ring of willpower
MPRegen 0.09/turn               (no ring)

@: bloodless, inhibited regen
A: bloodless, fangs 3, see invisible, vampiric 2
a: Bat Form, Revivify, Renounce Religion, Depart the Abyss, Bend Space, Banish


You were on level 2 of the Dungeon.
You worshipped Lugonu.
Lugonu was most pleased with you.
You visited 1 branch of the dungeon, and saw 2 of its levels.
You visited the Abyss 1 time.

You collected 50 gold pieces.

Inventory:

Hand Weapons
 a - a +1 short sword (weapon)
 o - a +0 dagger
Missiles
 e - 13 stones
 g - 2 javelins
Armour
 b - a +0 leather armour
 l - the +4 ring mail of the Saviour (worn) {Dex+4}
   (You found it on level 2 of the Dungeon)

   Dex:       It affects your dexterity (+4).
Jewellery
 k - a ring of willpower (left hand)
 p - an amulet of magic regeneration
Scrolls
 c - a scroll of amnesia {unknown}
 d - a scroll of fear {unknown}
 j - a scroll of teleportation {unknown}
 m - a scroll of poison {unknown}
 q - a scroll of enchant weapon {unknown}
 r - a scroll of identify {unknown}
Potions
 f - a potion of magic {unknown}
 h - 3 potions of attraction {unknown}
 i - 5 potions of brilliance {unknown}
 n - 2 potions of heal wounds {unknown}


   Skills:
 + Level 3.1 Fighting
 + Level 3.6 Short Blades
 + Level 1.5 Armour
 - Level 2.1 Dodging
 - Level 3.0 Stealth
 - Level 1.5 Invocations


You had 3 spell levels left.
You didn't know any spells.
Your spell library contained the following spells:

 Spells                   Type           Power      Damage    Failure   Level
 Apportation              Tloc           0%         N/A       58%         1
 Necrotise                Necr           0%         1d4       58%         1
 Summon Small Mammal      Summ           0%         N/A       58%         1


Dungeon Overview and Level Annotations

Branches:
Dungeon (2/15)

Altars:
Nemelex Xobeh


Innate Abilities, Weirdness & Mutations

You do not regenerate when monsters are visible.
You are frail without blood (-20% HP).
You can heal yourself when you bite living creatures.
You are immune to poison.
You have razor-sharp teeth.
You have supernaturally acute eyesight. (SInv)
You are afflicted with vampirism and can become a bat while bloodless.


Message History

The worm closely misses you.
You hit the worm but do no damage. You bite the worm.
The worm is severely wounded.
You puncture the worm!
You kill the worm!
Lugonu accepts your kill.
You hit the hobgoblin but do no damage. The hobgoblin hits you.
You hit the hobgoblin.
The hobgoblin is severely wounded.
You hit the hobgoblin.
You kill the hobgoblin!
Lugonu accepts your kill.
You completely miss the goblin. The goblin hits you but does no damage.
You hit the goblin.
You kill the goblin!
Lugonu accepts your kill. The worm bites you!
* * * LOW HITPOINT WARNING * * *
Items here: ) †††.
The jackal barks!
You hit the worm.
The worm is moderately wounded.
You hear a shout! x2; You hear a bark!
The worm barely misses you.
You hit the worm.
The worm is moderately wounded.
You completely miss the worm.
The worm is moderately wounded.
The bat hits you but does no damage. The worm bites you!
* * * LOW HITPOINT WARNING * * *
You hit the worm.
The worm is severely wounded.
The bat hits you but does no damage.
Unknown command.
You hit the worm.
The worm is severely wounded.
The bat hits you but does no damage.
A hobgoblin comes into view.
The worm bites you!
You die...

#.#####
......... #.#
.....##. #.# . .
## #.# ## #.#
##. ## #.# #..
.. #.# #.# :# #
#†# #.# .# $#
#@###.# g#g.#..
#wbh..###..wb..#
####..†.g..#
##.#..#K.$#
#.#:$# .(#
#.#### ## #..
#.. ####


You could see a worm, a jackal, a hobgoblin and a bat.

Vanquished Creatures
  3 adders (D:2)
  2 worms (D:2)
  A dart slug (D:2)
  2 endoplasms
  5 giant cockroaches
  3 goblins
  7 hobgoblins
  A jackal (D:2)
  3 quokkas
  6 ball pythons
  5 bats
  4 frilled lizards
  4 kobolds
  9 rats
55 creatures vanquished.

Notes
Turn   | Place    | Note
-------+----------+-------------------------------------------
     0 | Abyss:1  | Strat the Vampire Abyssal Knight began the quest for the
                  | Orb.
     0 | Abyss:1  | Reached XP level 1. HP: 17/17 MP: 2/2
     7 | D:1      | Escaped the Abyss
   134 | D:1      | Reached skill level 1 in Stealth
   291 | D:1      | Reached XP level 2. HP: 21/23 MP: 3/3
   497 | D:1      | Reached *** piety under Lugonu
   919 | D:2      | Found a sparkling altar of Nemelex Xobeh.
   974 | D:2      | Identified the +4 ring mail of the Saviour {Dex+4}
  1021 | D:2      | Gained mutation: You are afflicted with vampirism and can
                  | become a bat while bloodless. [Vampire growth]
  1021 | D:2      | Reached XP level 3. HP: 28/28 MP: 4/4
  1102 | D:2      | Reached skill level 1 in Armour
  1370 | D:2      | Reached XP level 4. HP: 24/28 MP: 5/5
  1637 | D:2      | Slain by a worm

Illustrated notes

Levels and vault maps discovered:
D:1:      dpeg_arrival_court, layout_loops_cross, minmay_misc_feat_five,
          corexii_hall_statues_t
D:2:      layout_loops_cross, basic_altar, serial_bayou_pond_b,
          minmay_octomino_c4

Skill      XL: |  1  2  3 |
---------------+----------+-----
Stealth        | 1 3 |  3.0
Short Blades   | 3 |  3.6
Armour         | 1 |  1.5
Fighting       | 3 |  3.1
Dodging        | |  2.1
Invocations    | |  1.5

Action                   |  1- 3 |  4- 6 || total
-------------------------+-------+-------++-------
Melee: Short sword       |   143 |    40 ||   183
       Bite              |    12 |     3 ||    15
       Punch             |     1 |     1 ||     2
 Abil: Exsanguinate      |     1 |       ||     1
 Stab: Sleeping          |     5 |     2 ||     7
Armor: Leather armour    |    12 |       ||    12
       Ring mail         |    29 |    15 ||    44
Dodge: Dodged            |   100 |    19 ||   119
